 Dungeon Crawl Stone Soup version 0.24-a0-619-gb7544fd (webtiles) character file.

Game seed: 4633554399236546574, levelgen mode: deterministic

67 silenth the Cudgeler (level 3, -3/28 HPs)
             Began as a Demonspawn Gladiator on Sept 18, 2019.
             Slain by Sigmund
             ... wielding a +0 scythe
              (5 damage)
             ... on level 2 of the Dungeon.
             The game lasted 00:01:32 (962 turns).

silenth the Cudgeler (Demonspawn Gladiator)          Turns: 962, Time: 00:01:33

Health: -3/28      AC:  6    Str: 14    XL:     3   Next: 98%
Magic:  3/3        EV: 18    Int:  9    God:
Gold:   64         SH:  0    Dex: 20    Spells: 2/2 levels left

rFire    . . .     SeeInvis .   k - +3 whip
rCold    . . .     Gourm    .   (no shield)
rNeg     . . .     Faith    .   b - +0 leather armour
rPois    +         Spirit   .   c - +0 helmet
rElec    .         Reflect  .   l - +1 cloak
rCorr    .         Harm     .   (no gloves)
MR       .....                  (no boots)
Stlth    +++.......             (no amulet)
HPRegen  0.09/turn              h - ring of poison resistance
MPRegen  0.08/turn              (no ring)

@: agile
A: powered by pain 1, rot immunity
a: no special abilities


You were on level 2 of the Dungeon.
You were not hungry.

You visited 1 branch of the dungeon, and saw 2 of its levels.

You collected 64 gold pieces.

Inventory:

Hand Weapons
 a - a +0 flail
 f - a +0 whip of draining
 k - a +3 whip (weapon)
Missiles
 d - 3 throwing nets (quivered)
Armour
 b - a +0 leather armour (worn)
 c - a +0 helmet (worn)
 l - a +1 cloak (worn)
Jewellery
 h - a ring of poison resistance (left hand)
Scrolls
 i - a scroll of enchant armour {unknown}
 j - 5 scrolls of identify {unknown}
 m - a scroll of teleportation {unknown}
Potions
 g - a potion of haste {unknown}
 n - a potion of brilliance {unknown}
Comestibles
 e - a ration
 o - 3 chunks of flesh


   Skills:
 + Level 2.9 Fighting
 * Level 4.0 Maces & Flails
 - Level 1.7 Throwing
 - Level 2.6 Dodging


You had 2 spell levels left.
You didn't know any spells.
Your spell library was empty.

Dungeon Overview and Level Annotations

Branches:
Dungeon (2/15)

Altars:

Annotations:
D:2 Sigmund


Innate Abilities, Weirdness & Mutations

You sometimes gain a little power by taking damage.
You are immune to rotting.


Message History

Sigmund misses you.
You closely miss Sigmund.
Sigmund is severely wounded.
Sigmund closely misses you.
You hit Sigmund.
Sigmund is severely wounded.
You closely miss Sigmund.
Sigmund is severely wounded.
Sigmund hits you with a +0 scythe.
You hit Sigmund.
Sigmund is almost dead.
You closely miss Sigmund.
Sigmund is almost dead.
Sigmund casts a spell at you. The puff of flame hits you!
* * * LOW HITPOINT WARNING * * *
You hit Sigmund but do no damage.
Sigmund is almost dead.
Sigmund hits you with a +0 scythe.
You die...

...........##### #.. #....#
...#.# #......# #.#.##....###
.....# #..###.# #.#.......+.####
##.#######.###.###.# #....#.##..
........#......#(..####....#.##)#
.......................>........#
..#.....#.#.####)#...##.....#...÷
#.#÷..###.#.. #@#...##.........†
#.#...#.#.##.# #@#...######.#####
#.......#. .# #.#...# #...
....#.#.#. .. #.#.... #####
##....#.#. ..##.#..##. ...#....#
#.#..# .. ##.#.#### #.#.. ###
##.#.##<# #.. .(## ...#....# ###
#####.#) ######### #.†<#.#.


You could see Sigmund.

Vanquished Creatures
  Jessica (D:2)
  An adder (D:2)
  3 leopard geckos
  A ball python (D:1)
  2 giant cockroaches (D:1)
  3 goblins (D:1)
  3 hobgoblins (D:2)
  2 jackals (D:1)
  3 bats
  2 frilled lizards (D:2)
  4 kobolds (D:1)
  4 rats
29 creatures vanquished.

Notes
Turn   | Place    | Note
-------+----------+-------------------------------------------
     0 | D:1      | silenth the Demonspawn Gladiator began the quest for the
                  | Orb.
     0 | D:1      | Reached XP level 1. HP: 16/16 MP: 1/1
    58 | D:1      | Reached skill level 3 in Maces & Flails
    63 | D:1      | Gained mutation: You are immune to rotting. [demonic
                  | ancestry]
    63 | D:1      | Reached XP level 2. HP: 14/22 MP: 2/2
   489 | D:1      | You fall into a shaft and drop 1 floor!
   828 | D:2      | Gained mutation: You sometimes gain a little power by
                  | taking damage. [demonic ancestry]
   828 | D:2      | Reached XP level 3. HP: 28/28 MP: 3/3
   926 | D:2      | Noticed Sigmund
   927 | D:2      | Noticed Jessica
   944 | D:2      | Killed Jessica
   944 | D:2      | Reached skill level 4 in Maces & Flails
   961 | D:2      | HP: 2/28 [Sigmund/puff of flame (9)]
   962 | D:2      | Slain by Sigmund

Levels and vault maps discovered:
D:1:      onia_arrival_pentagram, layout_basic
D:2:      layout_basic, first_ration, uniq_jessica, uniq_sigmund

Skill      XL: |  1  2  3 |
---------------+----------+-----
Maces & Flails | 3 4 |  4.0
Fighting       | |  2.9
Throwing       | |  1.7
Dodging        | |  2.6

Action                   || total
-------------------------++-------
Melee: Flail             ||    20
       Whip              ||    72
 Stab: Sleeping          ||     1
Armor: Leather armour    ||    21
Dodge: Dodged            ||    63

Table legend:
 A = Non-vault XP
 B = Vault XP
 C = Vault XP percentage of total XP
 D = Non-vault monster count
 E = Vault monster count
 F = Vault count percentage of total count
                 A         B        C        D         E       F
            +---------+---------+-------+---------+---------+-------
      Total |      59 |      37 |  38.5 |      28 |       1 |   3.4
            +---------+---------+-------+---------+---------+-------
        D:1 |      30 |       0 |   0.0 |      18 |       0 |   0.0
        D:2 |      29 |      37 |  56.1 |      10 |       1 |   9.1
            +---------+---------+-------+---------+---------+-------
